 Dungeon Crawl Stone Soup version 0.30-a0-860-g512cf1e979 (webtiles) character file.

Game seed: 14565162319797878950

24217 Datul the Gelid (level 12, -7/87 (89) HPs)
             Began as a Demonspawn Warper on Mar 7, 2023.
             Was a Priest of Vehumet.
             Mangled by a minotaur
             ... wielding the +8 arc blade {discharge, rElec}
              (15 damage)
             ... in a Gauntlet.
             The game lasted 01:26:31 (15227 turns).

Datul the Gelid (Demonspawn Warper)                Turns: 15227, Time: 01:26:31

HP:   -7/87 (89)    AC:  6    Str: 15    XL:     12   Next: 78%
MP:   30/42         EV: 12    Int: 20    God:    Vehumet [***...]
Gold: 126           SH:  0    Dex: 14    Spells: 9/27 levels left

rFire   . . .      SeeInvis +    P - +4 demon whip (venom)
rCold   + . .      Faith    .    (no shield)
rNeg    + . .      Spirit   .    T - +0 robe "Duth" {Drain rC+ MP+9}
rPois   .          Reflect  .    (no helmet)
rElec   .          Rampage  .    B - scarf {+Inv}
rCorr   .          NoTele   +    m - +0 pair of gloves
Will    .....                    q - +2 pair of boots of Springtime {rN+ Str+3 SInv}
Stlth   +                        x - amulet of magic regeneration
HPRegen 0.34/turn                a - ring of magical power
MPRegen 0.68/turn                b - ring of wizardry

@: freezing walls, lightly drained, invisible
A: demonic guardian 2, big brain 1, demonic touch 1
a: Renounce Religion, Evoke Invisibility


You were in a Gauntlet.
You worshipped Vehumet.
Vehumet was most pleased with you.
You visited 2 branches of the dungeon, and saw 12 of its levels.
You also visited: Sewer, Bailey and Gauntlet.

You collected 1536 gold pieces.
You spent 1410 gold pieces at shops.

Inventory:

Hand Weapons
 s - a +4 whip of freezing
 P - a +4 demon whip of venom (weapon)
Missiles
 d - 7 boomerangs of dispersal
 j - 15 poisoned darts
 H - 2 curare-tipped darts
Armour
 e - a +0 leather armour
 m - a +0 pair of gloves (worn)
 q - the +2 pair of boots of Springtime (worn) {rN+ Str+3 SInv}
   (You found it on level 3 of the Dungeon)

   Str:       It affects your strength (+3).
   rN:        It protects you from negative energy.
   SInv:      It lets you see invisible.
 r - the +1 leather armour "Afidatz" {rPois Will- Str+5 SInv}
   (You found it on level 3 of the Dungeon)

   Str:       It affects your strength (+5).
   rPois:     It protects you from poison.
   SInv:      It lets you see invisible.
   Will:      It decreases your willpower.
 B - a scarf of invisibility (worn)
 N - a +2 robe of willpower
 T - the +0 robe "Duth" (worn) {Drain rC+ MP+9}
   (You found it in a Gauntlet)

   rC:        It protects you from cold.
   MP:        It affects your magic capacity (+9).
   Drain:     It drains your maximum health when unequipped.
Magical Staves
 v - a staff of cold
Jewellery
 a - a ring of magical power (left hand)
 b - a ring of wizardry (right hand)
 i - a ring of willpower
 t - an amulet of regeneration
 w - a ring of positive energy
 x - an amulet of magic regeneration (around neck)
 C - a +6 ring of dexterity
 F - a ring of flight
 K - a ring of wizardry
 S - the ring of the Prince {Fire rElec Str+3 Int-3 Dex+3}
   (You found it in a Gauntlet)

   [ring of fire]

   It enhances your fire magic.
   Str:       It affects your strength (+3).
   Int:       It affects your intelligence (-3).
   Dex:       It affects your dexterity (+3).
   rF:        It protects you from fire.
   rC:        It makes you vulnerable to cold.
   rElec:     It insulates you from electricity.
Wands
 o - a wand of polymorph (21)
 M - a wand of light (2)
 O - a wand of iceblast (8)
Scrolls
 c - 2 scrolls of blinking
 f - 3 scrolls of immolation
 h - a scroll of amnesia
 p - 5 scrolls of fear
 y - 2 scrolls of butterflies
 D - a scroll of poison
 L - a scroll of fog {unknown}
 R - 4 scrolls of enchant armour
Potions
 g - 2 potions of berserk rage
 k - 6 potions of heal wounds
 l - 4 potions of mutation
 n - 3 potions of magic
 z - a potion of ambrosia
 A - a potion of attraction {unknown}
 E - 5 potions of haste
 G - a potion of invisibility
 I - a potion of resistance {unknown}
 J - 4 potions of curing
 Q - a potion of brilliance


   Skills:
 - Level 6.6 Fighting
 - Level 2.2 Maces & Flails
 - Level 0.8 Throwing
 - Level 0.8 Armour
 - Level 1.7 Dodging
 - Level 8.4 Spellcasting
 - Level 6.3 Conjurations
 - Level 2.6 Translocations
 + Level 15.0 Ice Magic
 - Level 3.0 Air Magic
 - Level 3.0 Poison Magic


You had 9 spell levels left.
You knew the following spells:

 Your Spells              Type           Power      Damage    Failure   Level
a - Magic Dart            Conj           100%       1d8       1%          1
b - Blink                 Tloc           38%        N/A       1%          2
c - Mephitic Cloud        Conj/Pois/Air  24%        N/A       1%          3
d - Searing Ray           Conj           66%        2d6       1%          2
e - Frozen Ramparts       Ice            100%       1d16      1%          3
f - Ozocubu's Refrigerat  Ice            31%        4d14      1%          7

Your spell library contained the following spells:

 Spells                   Type           Power      Damage    Failure   Level
 Sticky Flame             Conj/Fire      21%        2d4       2%          4
 Freeze                   Ice            100%       1d10      0%          1
 Sting                    Tmut/Pois      56%        1d5       1%          1
 Lesser Beckoning         Tloc           38%        N/A       1%          2
 Poisonous Vapours        Pois/Air       40%        N/A       1%          2
 Hailstorm                Conj/Ice       50%        3d11      1%          3
 Ignite Poison            Fire/Tmut/Pois 12%        N/A       1%          3
 Kindle Blastsparks       Fire/Tloc/Air  30%        2d12      1%          3
 Freezing Cloud           Conj/Ice/Air   20%        6-21      1%          5
 Fulminant Prism          Conj/Hex       10%        3d8       2%          4
 Teleport Other           Tloc           19%        N/A       3%          3
 Vhi's Electric Charge    Tloc/Air       38%        N/A       3%          3
 Olgreb's Toxic Radiance  Pois           20%        N/A       3%          4
 Call Imp                 Summ           8%         N/A       4%          2
 Manifold Assault         Tloc           19%        N/A       11%         4
 Ignition                 Fire           4%         3d4       100%        8


Dungeon Overview and Level Annotations

Branches:
Dungeon (11/15) Zot: 26940  Temple (1/1) D:4 Zot: 5895    Lair (0/5) D:11
    Orc (0/2) D:9           Sewer (visited)          Bailey (visited)
Gauntlet (1/1) Zot: 5033

Altars:
Ashenzari
Cheibriados
Dithmenos
Fedhas
Gozag
Hepliaklqana
Kikubaaqudgha
Makhleb
Nemelex Xobeh
Okawaru
Qazlal
Ru
Sif Muna
Trog
Uskayaw
Vehumet
Wu Jian
Xom
Yredelemnul

Shops:
D:5 ?   D:6 ==

Portals:
Abyss: D:5

Annotations:
D:5 2 transporters Gauntlet 12 transporters, 21 runed translucent doors, exclusion: obsidian statue


Innate Abilities, Weirdness & Mutations

A demonic guardian rushes to your aid.
You have an unusually large brain. (Int +2)
Your touch may inflict minor irresistible damage on your foes.


Message History

The minotaur wields the +8 arc blade {discharge, rElec}.
The minotaur hits you with the +8 arc blade {discharge, rElec}.
The minotaur barely misses you.
Your hellwing closely misses the minotaur.
The minotaur furiously retaliates!
The minotaur headbutts your hellwing, but does no damage.
Your hellwing hits the minotaur.
You take 6 damage, and have 52/87 hp.
You now have 37/42 mp.
The searing ray hits the minotaur but does no damage.
The minotaur is moderately wounded.
The wall freezes the minotaur but does no damage.
The minotaur barely misses you. x2
Your hellwing hits the minotaur but does no damage.
Your hellwing barely misses the minotaur.
The searing ray hits the minotaur!
The minotaur is heavily wounded.
The wall freezes the minotaur.
The minotaur hits you with the +8 arc blade {discharge, rElec}.
The minotaur gores you!
Your hellwing hits the minotaur. Your hellwing hits the minotaur!
You take 14 damage, and have 38/87 hp.
You now have 36/42 mp.
Okay, then.
Casting: Searing Ray (safe; 1% risk of failure)
Confirm with . or Enter, or press ? or * to list all spells.
Okay, then.
Press: ? - help, v - describe, . - travel
Here: a minotaur, wielding the +8 arc blade {discharge, rElec}, wearing a +0 plate armour, wearing an amulet of faith and quivering javelins (severely wounded, unable to see you, ally target)
An open door, spattered with blood.
Unknown command.
Casting: Searing Ray (safe; 1% risk of failure)
Confirm with . or Enter, or press ? or * to list all spells.
Really refrigerate near your hellwing?
The heat is drained from your surroundings.
The minotaur is severely wounded.
Your hellwing is lightly wounded.
The wall freezes the minotaur.
The minotaur hits you with the +8 arc blade {discharge, rElec}!!
* * * LOW HITPOINT WARNING * * *
A demonic guardian appears!
The minotaur gores you!
You die...

### # #∩# .# #.# #. #.# .
# # #.# .# .#
##.##.#H###.##.#
.....4.@4......#
.##.##.##.##.###
#.##.##.##.###
.............#
#.##.##.##.##.##
###.##.##.##.##.###
#≈...............§# ###
####8..©.©.©.©.©.©..8####
### #8#
#8##≈...............≈##8#
#8#


You could see a minotaur (unable to see you, ally target), a friendly orange
demon (summoned, wandering) and a friendly hellwing (summoned).

Vanquished Creatures
  Erica (D:8)
  3 two-headed ogres
  Amaemon (D:8)
  A fire crab (Gauntlet)
  An orc knight (Bailey)
  Pikel (D:4)
  An orange demon (D:8)
  A komodo dragon (D:10)
  An ice devil (Gauntlet)
  Grinder (D:5)
  Prince Ribbit (D:7)
  2 hornets (D:9)
  Sigmund (D:4)
  A wyvern (D:10)
  2 centaur simulacra (Gauntlet)
  4 fire bats (Gauntlet)
  24 yaks
  Menkaure (D:4)
  A water moccasin (D:8)
  An acid dragon (D:10)
  2 hell hounds (Gauntlet)
  16 orc warriors
  A black bear (D:8)
  4 ice beasts
  2 centaurs
  A phantom (D:4)
  2 kobold brigands
  4 bullfrogs
  2 gnoll sergeants
  3 scorpions
  3 wights (D:8)
  6 killer bees (D:9)
  A wyvern simulacrum (Gauntlet)
  2 hounds (D:4)
  3 jellies
  An orc priest (D:9)
  A gnoll bouda (D:5)
  2 iguanas
  A sleepcap (D:4)
  A hell rat (Sewer)
  3 orc wizards
  8 gnolls
  5 river rats
  9 adders
  A shadow imp (D:7)
  4 white imps
  2 ufetubi
  6 worms
  33 orcs
  3 bats
  12 endoplasms
  4 giant cockroaches
  7 goblins
  5 hobgoblins
  6 jackals
  8 quokkas
  6 ball pythons
  3 frilled lizards
  17 kobolds
  16 rats
266 creatures vanquished.

Vanquished Creatures (collateral kills)
  An ugly thing (D:11)
  2 centaur simulacra (Gauntlet)
  A yak (D:10)
  Eustachio (D:5)
  An orc warrior (D:8)
  A bullfrog (D:7)
7 creatures vanquished.

Vanquished Creatures (others)
  8 fungi
  26 plants
34 creatures vanquished.

Grand Total: 307 creatures vanquished

Notes
Turn   | Place    | Note
-------+----------+-------------------------------------------
     0 | D:1      | Datul the Demonspawn Warper began the quest for the Orb.
     0 | D:1      | Reached XP level 1. HP: 16/16 MP: 3/3
   144 | D:1      | Learned a level 1 spell: Magic Dart
   260 | D:1      | Gained mutation: You have an unusually large brain. (Int
                  | +2) [demonic ancestry]
   260 | D:1      | Reached XP level 2. HP: 15/22 MP: 0/5
   392 | D:1      | Reached skill level 1 in Conjurations
  1472 | D:1      | Gained mutation: A weak demonic guardian rushes to your
                  | aid. [demonic ancestry]
  1472 | D:1      | Reached XP level 3. HP: 25/27 MP: 0/6
  1793 | D:2      | Learned a level 2 spell: Blink
  1797 | D:2      | Learned a level 3 spell: Mephitic Cloud
  3230 | D:3      | Reached XP level 4. HP: 30/33 MP: 2/7
  3246 | D:3      | Identified the +2 pair of boots of Springtime {rN+ Str+3
                  | SInv}
  3445 | D:3      | Identified the +1 leather armour "Afidatz" {rPois Will-
                  | Str+5 SInv}
  3595 | D:3      | Found a burning altar of Makhleb.
  4450 | D:4      | Noticed Menkaure
  4518 | D:4      | Noticed a phantom
  4579 | D:4      | Reached XP level 5. HP: 38/38 MP: 2/8
  4692 | D:4      | Reached skill level 5 in Conjurations
  4693 | D:4      | Noticed Edmund
  4925 | D:4      | Noticed an ice beast
  4951 | D:4      | Noticed Sigmund
  5030 | D:5      | Entered Level 5 of the Dungeon
  5030 | D:5      | Noticed Eustachio
  5061 | D:5      | Killed Eustachio
  5062 | D:5      | Reached skill level 1 in Poison Magic
  5062 | D:5      | Gained mutation: Your touch may inflict minor irresistible
                  | damage on your foes. [demonic ancestry]
  5062 | D:5      | Reached XP level 6. HP: 44/44 MP: 1/9
  5291 | D:5      | Reached skill level 1 in Air Magic
  5354 | D:5      | Found a transporter.
  5448 | D:5      | Reached XP level 7. HP: 50/50 MP: 5/10
  5598 | D:5      | Found a transporter.
  5678 | D:5      | Noticed Grinder
  5698 | D:5      | Killed Grinder
  5872 | D:5      | Learned a level 2 spell: Searing Ray
  5993 | D:5      | Found Meoreash's Magic Scroll Shop.
  6006 | D:5      | Bought a scroll of butterflies for 44 gold pieces
  6006 | D:5      | Bought a scroll of identify for 22 gold pieces
  6006 | D:5      | Bought a scroll of immolation for 44 gold pieces
  6238 | D:5      | Found a one-way gate to the infinite horrors of the Abyss.
  6467 | D:6      | Found Jirhahao's Jewellery Shop.
  6610 | D:6      | Found a glowing drain.
  6615 | Sewer    | Entered a sewer
  6716 | Sewer    | Reached skill level 1 in Ice Magic
  6957 | D:6      | Found Feit's Jewellery Emporium.
  7158 | D:6      | Found a sacrificial altar of Ru.
  7375 | D:6      | Found a bloodstained altar of Trog.
  7597 | D:6      | Reached skill level 2 in Ice Magic
  7597 | D:6      | Reached XP level 8. HP: 56/56 MP: 4/13
  8037 | D:7      | Reached skill level 3 in Ice Magic
  8146 | D:7      | Noticed Prince Ribbit
  8419 | D:7      | Reached skill level 5 in Spellcasting
  8419 | D:7      | Reached skill level 4 in Ice Magic
  8561 | D:7      | Killed Prince Ribbit
  8567 | D:7      | Identified the +1 robe of Starshine {Harm rN+ Regen+ Int-2}
  8571 | D:7      | Identified the +5 plate armour "Noaxatwishu" {-Tele Str+7
                  | Dex+2 SInv}
  8789 | D:7      | Found a shimmering altar of Xom.
  8789 | D:7      | Found an ornate altar of the Wu Jian Council.
  8792 | D:7      | Found a hazy altar of Hepliaklqana.
  8880 | D:4      | Learned a level 3 spell: Frozen Ramparts
  9071 | D:4      | Found a staircase to the Ecumenical Temple.
  9076 | D:4      | Reached skill level 5 in Ice Magic
  9084 | Temple   | Entered the Ecumenical Temple
  9167 | Temple   | Became a worshipper of Vehumet
  9191 | D:4      | Killed Menkaure
  9192 | D:4      | Reached XP level 9. HP: 61/61 MP: 9/18
  9371 | D:4      | Noticed Pikel
  9390 | D:4      | Killed Pikel
  9391 | D:4      | Reached skill level 6 in Ice Magic
  9652 | D:4      | Edmund changed into Edmund the bat
  9652 | D:4      | Noticed Edmund
  9653 | D:4      | Killed Edmund the bat
  9945 | D:4      | Killed Sigmund
  9946 | D:4      | Reached skill level 7 in Ice Magic
 10389 | D:8      | Noticed Amaemon
 10590 | D:8      | Noticed a two-headed ogre
 10610 | D:8      | Reached skill level 8 in Ice Magic
 10613 | D:8      | Killed a two-headed ogre
 10614 | D:8      | Reached skill level 9 in Ice Magic
 10697 | D:8      | Found a hide-covered altar of Uskayaw.
 10839 | D:8      | Gained mutation: A demonic guardian rushes to your aid.
                  | [demonic ancestry]
 10839 | D:8      | Reached XP level 10. HP: 67/67 MP: 4/19
 10986 | D:8      | Noticed an orange demon
 10991 | D:8      | Killed Amaemon
 10997 | D:8      | Killed an orange demon
 10997 | D:8      | Reached * piety under Vehumet
 10997 | D:8      | Offered knowledge of Shock by Vehumet.
 10998 | D:8      | Reached skill level 10 in Ice Magic
 11227 | D:8      | Noticed Erica
 11237 | D:8      | Killed Erica
 11239 | D:8      | Reached skill level 11 in Ice Magic
 11573 | D:9      | Identified a scroll of acquirement
 11620 | D:9      | Noticed a two-headed ogre
 11631 | D:9      | Killed a two-headed ogre
 11632 | D:9      | Reached skill level 12 in Ice Magic
 11879 | D:9      | Found a staircase to the Orcish Mines.
 11897 | D:9      | Found a flagged portal.
 11906 | D:9      | Reached XP level 11. HP: 35/72 MP: 9/20
 11972 | Bailey   | Entered a bailey
 11987 | Bailey   | Reached ** piety under Vehumet
 11987 | Bailey   | Offered knowledge of Momentum Strike by Vehumet.
 12186 | Bailey   | Reached XP level 12. HP: 89/89 MP: 20/24
 12541 | D:9      | Reached skill level 13 in Ice Magic
 12721 | D:9      | Found an opulent altar of Gozag.
 12727 | D:9      | Found a sparkling altar of Nemelex Xobeh.
 12731 | D:9      | Found a broken altar of Ashenzari.
 12769 | D:9      | Offered knowledge of Inner Flame by Vehumet.
 12977 | D:10     | Entered Level 10 of the Dungeon
 12986 | D:10     | Learned a level 7 spell: Ozocubu's Refrigeration
 13044 | D:6      | Acquired 880 gold pieces
 13046 | D:6      | Bought a ring of magical power for 280 gold pieces
 13070 | D:6      | Bought a ring of wizardry for 360 gold pieces
 13070 | D:6      | Bought a ring of willpower for 300 gold pieces
 13070 | D:6      | Bought an amulet of magic regeneration for 360 gold pieces
 13276 | D:10     | Noticed a two-headed ogre
 13291 | D:10     | Killed a two-headed ogre
 13445 | D:10     | Reached *** piety under Vehumet
 14029 | D:10     | Reached skill level 14 in Ice Magic
 14253 | D:11     | Found a gate leading to a gauntlet.
 14261 | Gauntlet | Entered a Gauntlet
 14261 | Gauntlet | Found a transporter.
 14271 | Gauntlet | Found a transporter.
 14286 | Gauntlet | Found a transporter.
 14291 | Gauntlet | Found a transporter.
 14310 | Gauntlet | Found a transporter.
 14325 | Gauntlet | Found a transporter.
 14337 | Gauntlet | Found a transporter.
 14349 | Gauntlet | Found a transporter.
 14357 | Gauntlet | Found a large runed translucent door.
 14358 | Gauntlet | Found a large runed translucent door.
 14359 | Gauntlet | Found a large runed translucent door.
 14359 | Gauntlet | Found a large runed translucent door.
 14360 | Gauntlet | Found a runed translucent gate.
 14361 | Gauntlet | Found a transporter.
 14361 | Gauntlet | Found a runed translucent gate.
 14362 | Gauntlet | Found a runed translucent gate.
 14363 | Gauntlet | Found a large runed translucent door.
 14363 | Gauntlet | Found a large runed translucent door.
 14364 | Gauntlet | Found a large runed translucent door.
 14365 | Gauntlet | Found a large runed translucent door.
 14370 | Gauntlet | Found a transporter.
 14392 | Gauntlet | Found a transporter.
 14403 | Gauntlet | Found a large runed translucent door.
 14404 | Gauntlet | Found a large runed translucent door.
 14405 | Gauntlet | Found a large runed translucent door.
 14405 | Gauntlet | Found a large runed translucent door.
 14406 | Gauntlet | Found a runed translucent door.
 14407 | Gauntlet | Found a transporter.
 14408 | Gauntlet | Found a runed translucent door.
 14409 | Gauntlet | Found a transporter.
 14409 | Gauntlet | Found a large runed translucent door.
 14409 | Gauntlet | Found a large runed translucent door.
 14410 | Gauntlet | Found a large runed translucent door.
 14434 | Gauntlet | Found a transporter.
 14436 | Gauntlet | Found a transporter.
 14438 | Gauntlet | Found a transporter.
 14466 | Gauntlet | Found a transporter.
 14544 | Gauntlet | Found a transporter.
 14584 | Gauntlet | Found a large runed translucent door.
 14689 | Gauntlet | Offered knowledge of Sticky Flame by Vehumet.
 14987 | Gauntlet | Reached skill level 15 in Ice Magic
 15177 | Gauntlet | Identified the ring of the Prince {Fire rElec Str+3 Int-3
                  | Dex+3}
 15184 | Gauntlet | Identified the +0 robe "Duth" {Drain rC+ MP+9}
 15219 | Gauntlet | Identified the +8 shortbow "Manofu" {drain, Fly rElec Int-4
                  | SInv}
 15219 | Gauntlet | Noticed a minotaur
 15227 | Gauntlet | Mangled by a minotaur

Illustrated notes

Levels and vault maps discovered:
D:1:      onia_arrival_pyramid, layout_basic
D:2:      layout_loops_ring, serial_forest, infiniplex_forest_clump_cross,
          infiniplex_forest_3_way, infiniplex_forest_end_1,
          infiniplex_forest_clump_tiny, infiniplex_forest_clump_diagonal,
          infiniplex_forest_clump_double, infiniplex_forest_clump_double,
          infiniplex_forest_clump_large
D:3:      layout_basic, mainiacjoe_overflow_tiny_flanked
D:4:      layout_basic, minmay_temple_entry_antechambers, serial_park_tiny_pond,
          grunt_ministairs_3, uniq_edmund, uniq_menkaure, uniq_pikel,
          uniq_sigmund
D:5:      layout_cave_pods, serial_shops, nicolae_shop_crystal,
          gammafunk_ghost_abyssal_escape, reono_crystal_passage,
          kennysheep_generic_room_4, uniq_eustachio, uniq_grinder
D:6:      layout_gridville, nicolae_ru_awakened_eye, lemuel_tele_altar,
          gup_sewer_entry_spiral, serial_shops, nicolae_shop_behind_doors,
          kennysheep_little_box
D:7:      layout_basic, nicolae_overflow_hidden_temple, uniq_prince_ribbit1
D:8:      layout_rooms, nicolae_uskayaw_dance_studio, minmay_diced_spiral,
          uniq_erica, uniq_amaemon
D:9:      layout_loops_ring, grunt_temple_overflow_diamond, david_orc_3,
          enter_bailey_2
D:10:     layout_grid_maze
D:11:     layout_cave_pools, grunt_lair_entry_orc_guard_hut,
          gauntlet_entry_generic, minmay_door_square
Temple:   nicolae_temple_bog_church
Gauntlet: gammafunk_gauntlet_one_two_three [nicolae_gauntlet_arena_quarters,
          gammafunk_gauntlet_arena_split_diamond, nicolae_gauntlet_arena_x,
          gammafunk_gauntlet_arena_spirals,
          minmay_gauntlet_arena_make_your_own_arena,
          gammafunk_gauntlet_arena_open, nicolae_gauntlet_arena_blocks,
          gammafunk_gauntlet_arena_crates,
          gammafunk_gauntlet_arena_arrow_garden, gauntlet_exit_green]

Skill      XL: |  1  2  3  4  5  6  7  8  9 10 11 12 |
---------------+-------------------------------------+-----
Maces & Flails | 2 |  2.2
Conjurations   | 2 3 4 6 |  6.3
Poison Magic   | 1 3 |  3.0
Air Magic      | 1 3 |  3.0
Ice Magic      | 2 5 9 12 15 | 15.0
Spellcasting   | 3 6 8 |  8.4
Fighting       | 6 |  6.6
Throwing       | |  0.8
Armour         | |  0.8
Dodging        | |  1.7
Translocations | |  2.6

Action                     |  1- 3 |  4- 6 |  7- 9 | 10-12 || total
---------------------------+-------+-------+-------+-------++-------
  Melee: Mace              |    23 |       |       |       ||    23
         Whip              |    51 |    38 |    35 |       ||   124
         Punch             |     1 |     1 |       |     1 ||     3
         Touch             |       |     2 |     6 |    21 ||    29
         Flail             |       |       |     7 |       ||     7
         Demon whip        |       |       |       |    73 ||    73
   Fire: Sling             |    26 |     4 |       |       ||    30
   Cast: Magic Dart        |   121 |   101 |    84 |    23 ||   329
         Blink             |       |     1 |     1 |     1 ||     3
         Mephitic Cloud    |       |     4 |    17 |    27 ||    48
         Searing Ray       |       |       |    45 |    33 ||    78
         Frozen Ramparts   |       |       |    10 |    35 ||    45
         Ozocubu's Refrige |       |       |       |     8 ||     8
  Evoke: Wand              |       |       |     3 |     9 ||    12
    Use: Scroll            |       |     7 |     6 |    13 ||    26
         Potion            |       |     1 |     2 |     2 ||     5
   Stab: Sleeping          |     1 |       |     1 |       ||     2
         Confused          |       |     3 |     1 |     3 ||     7
         Invisible         |       |       |     1 |       ||     1
 Armour: Leather armour    |    17 |    22 |    35 |    24 ||    98
  Dodge: Dodged            |    52 |    40 |    62 |    64 ||   218

Table legend: (Time is in decaauts)
 A = Elapsed time spent in this place.
 B = Non-inter-level travel time spent in this place.
 C = Inter-level travel time spent in this place.
 D = Time resting spent in this place.
 E = Time spent auto-exploring this place.
 F = Levels seen in this place.
 G = Mean time per level.
                   A        B        C        D        E       F      G
               +--------+--------+--------+--------+--------+-----+--------+
         Total |  15303 |  14380 |    923 |   5070 |   6102 |  15 | 1020.2 |
       Dungeon |  13417 |  12507 |    910 |   4228 |   5734 |  11 | 1219.7 |
        Temple |    104 |     91 |     13 |      0 |     73 |   1 |  104.0 |
         Sewer |    288 |    288 |      0 |    167 |      0 |   1 |  288.0 |
        Bailey |    527 |    527 |      0 |    286 |      0 |   1 |  527.0 |
      Gauntlet |    965 |    965 |      0 |    389 |    295 |   1 |  965.0 |
               +--------+--------+--------+--------+--------+-----+--------+

Top non-repeatable levels by time:
     D:3: 1753 daAuts
     D:4: 1685 daAuts
     D:1: 1627 daAuts
     D:5: 1522 daAuts
     D:6: 1353 daAuts
     D:7: 1325 daAuts
     D:2: 1126 daAuts
    D:10: 1079 daAuts
     D:8: 992 daAuts
Gauntlet: 965 daAuts
     D:9: 903 daAuts
  Bailey: 527 daAuts
   Sewer: 288 daAuts
  Temple: 104 daAuts
    D:11: 47 daAuts
